 Dungeon Crawl Stone Soup version 0.32-a0-592-g97116cf (webtiles) character file.

Game seed: 2122576875110037388

121710 korenl137 the Marksspriggan (level 16, -9/81 HPs)
             Began as a Spriggan Hexslinger on Mar 2, 2024.
             Was the Champion of Fedhas.
             Mangled by a +2 morningstar of chaos (16 damage)
             ... on level 12 of the Dungeon.
             The game lasted 00:56:28 (28913 turns).

korenl137 the Marksspriggan (Spriggan Hexslinger)  Turns: 28913, Time: 00:56:29

Health: -9/81      AC:  6    Str:  4    XL:     16   Next: 10%
Magic:  8/26       EV: 37    Int: 14    God:    Fedhas [******]
Gold:   1833       SH:  0    Dex: 26    Spells: 6/21 levels left

rFire   . . .        a - +3 hand cannon (drain)
rCold   + . .        (no shield)
rNeg    + . .        P - +1 robe {rC+}
rPois   .            k - +2 hat
rElec   .            F - +0 cloak
rCorr   .            (gloves unavailable)
SInv    +            (boots unavailable)
Will    +....        x - amulet of regeneration
Stlth   ++++++       n - ring of positive energy
HPRegen 1.13/turn    O - ring of flight
MPRegen 0.20/turn

%: no passive effects
@: weak-willed, flying, studying Shields, very quick
A: very small, no large weapons, unfitting armour, see invisible, speed 3
a: Renounce Religion, Wall of Briars, Grow Ballistomycete, Overgrow, Grow Oklob


You were on level 12 of the Dungeon.
You worshipped Fedhas.
Fedhas was exalted by your worship.
You visited 4 branches of the dungeon, and saw 23 of its levels.
You also visited: Sewer.

You collected 2346 gold pieces.
You spent 513 gold pieces at shops.

Inventory:

Hand Weapons
 a - a +3 hand cannon of draining (weapon)
 b - the +2 falchion of Ziafam {heavy, *Slow +Blink Int+4}
   (You found it on level 3 of the Lair of Beasts)

   Int+4:     It affects your intelligence (+4).
   +Blink:    It lets you blink.
   *Slow:     It may slow you when you take damage.
Missiles
 C - a curare-tipped dart
 Z - a throwing net {!f}
Armour
 k - a +2 hat (worn)
 F - a +0 cloak (worn)
 P - a +1 robe of cold resistance (worn)
Jewellery
 n - a ring of positive energy (left hand)
 t - an amulet of reflection
 x - an amulet of regeneration (around neck)
 y - a ring of fire
 G - a ring of ice
 O - a ring of flight (right hand)
Wands
 A - a wand of mindburst (14)
 D - a wand of polymorph (21)
 E - a wand of charming (11)
 H - a wand of quicksilver (6)
 I - a wand of iceblast (12)
 V - a wand of flame (23)
Scrolls
 f - a scroll of blinking {unknown}
 g - 2 scrolls of noise {unknown}
 j - a scroll of torment {unknown}
 o - 2 scrolls of fear
 q - a scroll of enchant armour {unknown}
 s - 4 scrolls of fog
 u - 3 scrolls of poison
 v - 4 scrolls of summoning
 w - 2 scrolls of silence
 B - 2 scrolls of vulnerability
 L - 6 scrolls of immolation
 M - a scroll of revelation
 N - a scroll of enchant weapon
 R - 3 scrolls of amnesia
 T - 13 scrolls of teleportation {!r}
Potions
 c - 3 potions of resistance {unknown}
 d - 7 potions of brilliance
 e - 7 potions of lignification
 h - 5 potions of might
 i - 4 potions of enlightenment
 l - 5 potions of attraction
 m - 3 potions of heal wounds {!q}
 p - 3 potions of mutation
 r - a potion of cancellation {unknown}
 z - 2 potions of magic {unknown}
 J - 2 potions of ambrosia
 Q - 8 potions of curing
Miscellaneous
 K - a phantom mirror
 U - a phial of floods (inert)


   Skills:
 * Level 7.8 Fighting
 - Level 18.0 Ranged Weapons
 + Level 17.3 Dodging
 - Level 12.0 Stealth
 - Level 3.0 Spellcasting
 + Level 9.5 Hexes
 - Level 9.0 Translocations
 - Level 0.7 Fire Magic
 - Level 12.0 Invocations


You had 6 spell levels left.
You knew the following spells:

 Your Spells              Type           Power      Damage    Failure   Level
a - Jinxbite              Hex            56%        N/A       1%          2
b - Dimensional Bullseye  Hex/Tloc       14%        N/A       4%          4
d - Blink                 Tloc           54%        N/A       1%          2
f - Cause Fear            Hex            14%        N/A       4%          4
i - Inner Flame           Hex/Fire       16%        N/A       8%          3

Your spell library contained the following spells:

 Spells                   Type           Power      Damage    Failure   Level
 Gell's Gravitas          Tloc           27%        N/A       1%          3
 Sigil of Binding         Hex            28%        N/A       1%          3
 Teleport Other           Tloc           27%        N/A       1%          3
 Ensorcelled Hibernation  Hex/Ice        30%        N/A       4%          2
 Manifold Assault         Tloc           27%        N/A       5%          4
 Dazzling Flash           Conj/Hex       30%        N/A       9%          3
 Volatile Blastmotes      Fire/Tloc      30%        2d12      9%          3
 Freeze                   Ice            8%         1d3       22%         1
 Magic Dart               Conj           8%         1d3       22%         1
 Call Imp                 Summ           4%         N/A       32%         2
 Mercury Vapours          Alch/Air       4%         N/A       32%         2
 Static Discharge         Conj/Air       4%         3-4/arc   32%         2
 Call Canine Familiar     Summ           2%         N/A       54%         3
 Frozen Ramparts          Ice            4%         1d1       54%         3
 Hailstorm                Conj/Ice       2%         3d5       54%         3
 Mephitic Cloud           Conj/Alch/Air  2%         N/A       54%         3
 Passwall                 Erth           2%         N/A       54%         3
 Swiftness                Air            2%         N/A       54%         3
 Dispersal                Tloc           13%        N/A       63%         6
 Airstrike                Air            1%         2d(1-17)  91%         4
 Summon Lightning Spire   Summ/Air       2%         N/A       91%         4
 Alistair's Intoxication  Alch           1%         N/A       99%         5
 Borgnjor's Vile Clutch   Necr/Erth      1%         N/A       99%         5
 Freezing Cloud           Conj/Ice/Air   1%         6-21      99%         5
 Eringya's Noxious Bog    Alch           1%         4d6       100%        6
 Starburst                Conj/Fire      1%         6d3       100%        6
 Disjunction              Tloc           13%        N/A       100%        8
 Maxwell's Capacitive Co  Air            1%         ∞         100%        8


Dungeon Overview and Level Annotations

Branches:
Dungeon (15/15)            Temple (1/1) D:4            Lair (5/5) D:9
  Swamp (0/4) Lair:2        Snake (0/4) Lair:2        Slime (0/5) Lair:4
    Orc (2/2) D:10            Elf (0/3) Orc:2        Vaults (0/5) D:14
 Depths (0/4) D:15          Sewer (visited)

Altars:
Ashenzari
Cheibriados
Dithmenos
Elyvilon
Fedhas
Gozag
Hepliaklqana
Kikubaaqudgha
Makhleb
Nemelex Xobeh
Okawaru
Qazlal
Ru
Sif Muna
Trog
Uskayaw
Vehumet
Wu Jian
Xom
Yredelemnul
Zin
The Shining One
Beogh
Jiyva

Shops:
D:4 :   D:5 [:   D:8 *   Orc:1 :   Orc:2 ?(:(

Portals:
Trove: D:15 (give 8 scrolls of fear)

Annotations:
D:10 exclusion: door
Lair:1 2 transporters, Dolillac's ghost, journeyman DsNe


Innate Abilities, Weirdness & Mutations

You are very small and have problems with some larger weapons.
You are too small for most types of armour.
You have supernaturally acute eyesight. (SInv)
You cover ground extremely quickly. (Speed+++)


Message History

Casting: Jinxbite (safe; 1% risk of failure)
Confirm with . or Enter, or press ? or * to list all spells.
There is nobody nearby that the sprites are interested in.
You shoot a bolt. Fedhas protects your plant from harm.
The bolt hits the +2 morningstar of chaos!
The +2 morningstar of chaos is heavily damaged.
The +2 morningstar of chaos is struck by your briar patch's thorns.
The +2 morningstar of chaos hits your briar patch!!
The +2 morningstar of chaos freezes your briar patch.
Your briar patch is destroyed!
Your briar patch disappears in a puff of smoke!
You shoot a bolt.
The bolt closely misses the +2 morningstar of chaos.
The +2 morningstar of chaos hits you!
You suddenly lose the ability to move!
You can move again.
You take 10 HP, and have [71/81] HP You shoot a bolt.
The bolt hits the +2 morningstar of chaos.
The +2 morningstar of chaos is almost destroyed.
The +2 morningstar of chaos hits you!!
You feel your power leaking away. The +2 morningstar of chaos hits you!!!
* * * LOW HITPOINT WARNING * * *
The +2 morningstar of chaos freezes you.
* * * LOW HITPOINT WARNING * * *
You take 67 HP, and have [4/81] HP !!!!!
HP Warning !!!!!
You lose 16MP, and have [8/26] MP
Press: ? - help, v - describe, . - travel
Here: a +2 morningstar of chaos (severely damaged, ally target)
The floor, spattered with blood.
Okay, then.
Okay, then.
Press: ? - help, v - describe, . - travel
Here: a +2 morningstar of chaos (severely damaged, ally target)
The floor, spattered with blood.
Aim the phial where?
Press: ? - help, Shift-Dir - straight line, f/p - +2 morningstar of chaos
Aim: a +2 morningstar of chaos (severely damaged, ally target, 43% to hit)
The torrent of water misses the +2 morningstar of chaos.
The wave splashes down.
The +2 morningstar of chaos completely misses you.
Aiming: Quicksilver Bolt
Press: ? - help, Shift-Dir - straight line, f/p - +2 morningstar of chaos
Aim: a +2 morningstar of chaos (severely damaged, ally target, 43% to hit)
The bolt of dispelling energy misses the +2 morningstar of chaos.
The +2 morningstar of chaos hits you!
You die...
Fedhas appreciates your contribution to the ecosystem.

#...........<#..........#..
###...##......##........."..
#..............##...........
###...#...........#.........
#####.....##...##.........
##....#...###.#.......
##...##.####..>......
#......# #..........
#~°@...# #..........
#.(#...###....##....
###~P###........###..#
##!#..##.......### ####
#._'.PP..#.##..#
##?#..#####....# ###..#
##..## #### ####


You could see a +2 morningstar of chaos (ally target).

Vanquished Creatures
  Saint Roka (Orc:2)
  Jorgrun (D:12)
  Agnes (D:14)
  The ghost of Roecon the Markself, a journeyman DEHu of Fedhas (Lair:4)
  A minotaur (Lair:4)
  Josephine (D:12)
  Fannar (Lair:3)
  The ghost of Gucwul the Severer, a journeyman MiFi of Okawaru (D:12)
  An ice dragon (Lair:3)
  7 vault guards (D:14)
  3 hydras
  An ogre mage (D:15)
  A death knight (D:15)
  A catoblepas (Lair:5)
  8 boulder beetles
  3 centaur warriors
  An anaconda (Lair:3)
  The ghost of Agrajag the Cleaver, a novice AtBe of Trog (D:9)
  13 death yaks
  A deep troll shaman (Lair:5)
  2 tengu warriors (D:12)
  9 two-headed ogres
  4 orc high priests (Orc:2)
  A fire crab (Lair:3)
  A skyshark (Lair:5)
  6 skeletal warriors
  A bog body (Lair:2)
  A lindwurm (Lair:5)
  A deep elf pyromancer (D:14)
  7 ugly things
  An orc sorcerer (Orc:2)
  6 orc knights
  3 manticores
  A salamander (Lair:2)
  12 elephants
  7 cyclopes
  6 black mambas
  An ice statue (Lair:3)
  2 kobold blastminers (Orc:1)
  2 gargoyles
  8 cane toads
  An unseen horror (D:11)
  5 unseen horror zombies (D:9)
  A torpor snail (Lair:3)
  A kobold demonologist (D:10)
  6 rime drakes
  11 komodo dragons
  Psyche (D:11)
  2 freezing wraiths (D:15)
  3 polar bears
  5 trolls
  A merfolk (shapeshifter) (D:15)
  3 hornets
  21 blink frogs
  14 slime creatures
  8 wraiths
  A vampire (D:11)
  3 shadows
  41 yaks
  4 basilisks
  5 wyverns
  9 wargs (Orc:2)
  4 steam dragons
  2 vampire mosquitoes (D:11)
  2 nagas (Lair:2)
  A swamp worm (Lair:2)
  An acid dragon (D:9)
  15 water moccasins
  2 sky beasts
  29 orc warriors
  Pargi (Sewer)
  9 black bears
  11 ice beasts
  14 wolves
  10 centaurs
  5 ogres
  A phantom (D:6)
  A brain worm (Sewer)
  4 kobold brigands
  13 bullfrogs
  2 wyvern zombies (D:9)
  2 gnoll sergeants
  17 wights (D:9)
  4 scorpions
  10 killer bees
  A howler monkey (D:8)
  3 crimson imps (D:9)
  4 electric eels
  2 bombardier beetles
  4 centaur zombies (D:9)
  2 hounds
  2 jellies
  3 gnoll boudas
  26 orc priests
  Jessica (D:13)
  5 iguanas
  15 orc wizards
  A killer bee zombie (D:9)
  3 howler monkey zombies (D:9)
  9 adders
  25 gnolls
  2 river rats (D:6)
  A shadow imp (D:7)
  7 white imps
  2 ufetubi (D:6)
  3 dart slugs (D:1)
  2 ribbon worms (D:6)
  65 orcs
  7 ball pythons
  3 bats
  9 endoplasms
  5 giant cockroaches
  6 goblins
  5 hobgoblins
  3 quokkas
  5 frilled lizards
  21 kobolds
  6 rats
695 creatures vanquished.

Vanquished Creatures (collateral kills)
  A great orb of eyes (D:15)
  A vault guard (D:14)
  A centaur warrior (D:10)
  2 skeletal warriors (D:15)
  3 ugly things (D:15)
  An efreet (D:14)
  A wyvern (Lair:5)
  2 yaks (D:9)
  2 orc warriors (Orc:2)
  A centaur (D:14)
  An orc (Orc:2)
  33 ballistomycete spores
49 creatures vanquished.

Vanquished Creatures (others)
  A hound (D:5)
  An orc (Orc:2)
  5 ballistomycete spores
7 creatures vanquished.

Grand Total: 751 creatures vanquished

Notes
Turn   | Place    | Note
-------+----------+-------------------------------------------
     0 | D:1      | korenl137 the Spriggan Hexslinger began the quest for the
                  | Orb.
     0 | D:1      | Reached XP level 1. HP: 9/9 MP: 3/3
   161 | D:1      | Reached skill level 1 in Fighting
   325 | D:1      | Reached skill level 3 in Dodging
   325 | D:1      | Reached XP level 2. HP: 14/14 MP: 5/5
   344 | D:1      | Learned a level 2 spell: Jinxbite
   793 | D:2      | Noticed a bombardier beetle
   800 | D:1      | Reached XP level 3. HP: 18/18 MP: 3/6
   941 | D:2      | Reached skill level 3 in Ranged Weapons
  1362 | D:2      | Noticed a black bear
  1420 | D:2      | Killed a black bear
  1421 | D:2      | Reached XP level 4. HP: 22/22 MP: 4/7
  1524 | D:2      | Reached XP level 5. HP: 25/25 MP: 5/8
  1919 | D:2      | Reached skill level 4 in Ranged Weapons
  2491 | D:3      | Reached XP level 6. HP: 13/30 MP: 5/9
  3089 | D:4      | Reached skill level 1 in Stealth
  3280 | D:4      | Found Sobuwn's Book Shop.
  3285 | D:4      | Reached skill level 5 in Ranged Weapons
  3413 | D:4      | Identified the +2 long sword "Awyifor" {flame, Dex+6
                  | Stlth+}
  3496 | D:4      | Found a staircase to the Ecumenical Temple.
  3674 | D:4      | Noticed an orc warrior
  3718 | D:4      | Killed an orc warrior
  3719 | D:4      | Reached XP level 7. HP: 33/33 MP: 6/10
  4073 | Temple   | Entered the Ecumenical Temple
  4085 | Temple   | Became a worshipper of Fedhas Madash
  4122 | D:5      | Entered Level 5 of the Dungeon
  4202 | D:5      | Reached skill level 3 in Stealth
  4263 | D:5      | Reached skill level 1 in Invocations
  4278 | D:5      | Noticed a yak
  4278 | D:5      | Noticed a yak
  4428 | D:5      | Killed a yak
  4429 | D:5      | Reached skill level 6 in Ranged Weapons
  4429 | D:5      | Reached skill level 6 in Dodging
  4429 | D:5      | Reached skill level 6 in Hexes
  4445 | D:5      | Noticed a yak
  4447 | D:5      | Noticed a yak
  4500 | D:4      | Killed a yak
  4501 | D:4      | Reached XP level 8. HP: 37/37 MP: 7/11
  4676 | D:5      | Found Hazafysa's Book Emporium.
  4800 | D:5      | Reached skill level 7 in Ranged Weapons
  4805 | D:5      | Learned a level 4 spell: Cause Fear
  4943 | D:5      | Found Misuut's Armour Boutique.
  5222 | D:5      | Reached * piety under Fedhas
  5413 | D:6      | Reached skill level 3 in Invocations
  5477 | D:6      | Reached skill level 6 in Stealth
  5619 | D:6      | Reached XP level 9. HP: 42/42 MP: 8/12
  5720 | D:6      | Found a glowing drain.
  5728 | Sewer    | Entered a sewer
  5803 | Sewer    | Noticed Pargi
  5820 | Sewer    | Killed Pargi
  6353 | D:6      | Found a shimmering blue altar of Sif Muna.
  6522 | D:7      | Reached skill level 8 in Ranged Weapons
  6566 | D:7      | Reached ** piety under Fedhas
  7584 | D:8      | Noticed a two-headed ogre
  7613 | D:8      | Killed a two-headed ogre
  7614 | D:8      | Reached skill level 9 in Ranged Weapons
  7614 | D:8      | Reached XP level 10. HP: 31/46 MP: 11/14
  7706 | D:8      | Reached *** piety under Fedhas
  7857 | D:8      | Found Oposh's Assorted Antiques.
  8043 | D:8      | Reached skill level 9 in Dodging
  8436 | D:8      | Reached skill level 9 in Stealth
  8456 | D:8      | Bought a scroll of identify for 64 gold pieces
  8456 | D:8      | Bought a scroll of identify for 64 gold pieces
  8456 | D:8      | Bought a scroll of identify for 64 gold pieces
  8742 | D:8      | Bought a potion of heal wounds for 160 gold pieces
  8910 | D:9      | Found a staircase to the Lair.
  9075 | D:9      | Found a runed translucent door.
  9075 | D:9      | Noticed Agrajag's ghost (novice AtBe)
  9186 | D:9      | Reached skill level 10 in Ranged Weapons
  9186 | D:9      | Reached skill level 9 in Hexes
  9594 | D:9      | Noticed a two-headed ogre
  9634 | D:9      | Killed a two-headed ogre
  9635 | D:9      | Reached skill level 6 in Invocations
  9635 | D:9      | Reached XP level 11. HP: 50/50 MP: 12/16
  9837 | D:9      | Reached **** piety under Fedhas
 10168 | D:9      | Reached skill level 11 in Ranged Weapons
 10313 | D:9      | Reached skill level 3 in Fighting
 10690 | D:10     | Entered Level 10 of the Dungeon
 10703 | D:10     | Noticed a sixfirhy
 10738 | D:10     | Found a staircase to the Orcish Mines.
 10830 | D:10     | Reached ***** piety under Fedhas
 11215 | D:10     | Learned a level 3 spell: Inner Flame
 11236 | D:10     | Noticed a centaur warrior
 11237 | D:10     | Found a large runed translucent door.
 11238 | D:10     | Found a large runed translucent door.
 11404 | D:10     | Found a stormy altar of Qazlal.
 11404 | D:10     | Found a sparkling altar of Nemelex Xobeh.
 11579 | D:11     | Noticed Psyche
 11589 | D:11     | Killed Psyche
 12020 | D:11     | Noticed a boulder beetle
 12035 | D:11     | Killed a boulder beetle
 12036 | D:11     | Reached skill level 12 in Ranged Weapons
 12101 | D:11     | Reached skill level 12 in Stealth
 12108 | D:11     | Reached XP level 12. HP: 56/56 MP: 14/18
 12758 | D:12     | Noticed Josephine
 12784 | D:12     | Noticed a boulder beetle
 12800 | D:12     | Killed a boulder beetle
 12801 | D:12     | Reached skill level 12 in Dodging
 12856 | D:12     | Noticed a tengu warrior
 12856 | D:12     | Noticed a tengu warrior
 12875 | D:12     | Killed a tengu warrior
 12881 | D:12     | Killed a tengu warrior
 12882 | D:12     | Reached skill level 13 in Ranged Weapons
 12946 | D:12     | Found a runed translucent door.
 12948 | D:12     | Found a shimmering altar of Xom.
 12948 | D:12     | Noticed Gucwul's ghost (journeyman MiFi)
 13370 | D:12     | Killed Josephine
 13442 | D:12     | Noticed Jorgrun
 13465 | D:12     | Killed Jorgrun
 13475 | D:12     | Identified the +6 glaive of Teduzy {pain, Str+3}
 13744 | D:13     | Noticed a boulder beetle
 13763 | D:13     | Killed a boulder beetle
 14193 | D:13     | Reached skill level 9 in Invocations
 14277 | D:13     | Reached skill level 14 in Ranged Weapons
 14763 | D:13     | Found a sparkling altar of Nemelex Xobeh.
 14763 | D:13     | Noticed Jessica
 14765 | D:13     | Killed Jessica
 14830 | D:14     | Noticed a centaur warrior
 14942 | D:14     | Reached XP level 13. HP: 60/60 MP: 18/20
 15353 | D:14     | Found a radiant altar of Vehumet.
 15531 | D:14     | Identified the maw talisman "Simmasau" {rElec rPois rN+}
 15570 | D:14     | Found a gate to the Vaults.
 15610 | D:14     | Reached skill level 15 in Ranged Weapons
 15749 | D:14     | Noticed Agnes
 15763 | D:14     | Killed Agnes
 15764 | D:14     | Reached skill level 3 in Spellcasting
 16409 | D:15     | Entered Level 15 of the Dungeon
 17510 | D:15     | Reached XP level 14. HP: 67/67 MP: 16/22
 17799 | D:15     | Reached skill level 16 in Ranged Weapons
 17861 | D:15     | Reached skill level 15 in Dodging
 18070 | D:15     | Found a portal to a secret trove of treasure.
 18104 | D:15     | Identified the +0 robe of the King of the Hill {Harm rF+
                  | Int-5 Archmagi}
 18271 | D:15     | Learned a level 2 spell: Blink
 18276 | D:15     | Learned a level 4 spell: Dimensional Bullseye
 18973 | D:15     | Reached skill level 1 in Translocations
 19119 | D:15     | Found a staircase to the Depths.
 19330 | Lair:1   | Entered Level 1 of the Lair of Beasts
 19974 | Lair:3   | Noticed Fannar
 20024 | Lair:3   | Killed Fannar
 20025 | Lair:3   | Reached skill level 3 in Translocations
 20606 | Lair:5   | Entered Level 5 of the Lair of Beasts
 21609 | Lair:5   | Reached skill level 6 in Fighting
 21620 | Lair:5   | Reached skill level 17 in Ranged Weapons
 21635 | Lair:5   | Reached ****** piety under Fedhas
 21796 | Lair:4   | Reached XP level 15. HP: 37/73 MP: 19/24
 22129 | Lair:5   | Got an earthy gem with 1533 turns to spare
 22280 | Lair:4   | Found a viscous altar of Jiyva.
 22281 | Lair:4   | Found a staircase to the Slime Pits.
 22314 | Lair:4   | Noticed Roecon's ghost (journeyman DEHu)
 22383 | Lair:4   | Found a runed translucent gate.
 22384 | Lair:4   | Found a runed translucent gate.
 22385 | Lair:4   | Found a runed translucent gate.
 22511 | Lair:4   | Reached skill level 6 in Translocations
 22895 | Lair:4   | Killed Roecon's ghost
 24394 | Lair:3   | Identified the +2 falchion of Ziafam {heavy, *Slow +Blink
                  | Int+4}
 24396 | Lair:3   | Identified the +5 morningstar of Voariun {venom, Dex+4}
 24932 | Lair:2   | Found a staircase to the Snake Pit.
 25366 | Lair:2   | Found a staircase to the Swamp.
 25885 | Lair:1   | Reached skill level 18 in Ranged Weapons
 25960 | Lair:1   | Noticed Dolillac's ghost (journeyman DsNe)
 25968 | Lair:1   | Found a transporter.
 25969 | Lair:1   | Found a bloodstained altar of Trog.
 25976 | Lair:1   | Found a transporter.
 26251 | Lair:1   | Identified the +12 great sword "Nososaopn" {elec, rC- rN+
                  | Int+3}
 26322 | Orc:1    | Entered Level 1 of the Orcish Mines
 26324 | Orc:1    | Found Afagoar's Book Shoppe.
 26650 | Orc:2    | Entered Level 2 of the Orcish Mines
 26650 | Orc:2    | Noticed Saint Roka
 26738 | Orc:2    | Killed Saint Roka
 27196 | Orc:2    | Found a staircase to the Elven Halls.
 27262 | Orc:2    | Reached skill level 12 in Invocations
 27339 | Orc:2    | Reached skill level 9 in Translocations
 27563 | Orc:2    | Found Anubeh's Book Shoppe.
 27591 | Orc:2    | Found a roughly hewn altar of Beogh.
 27864 | Orc:2    | Reached XP level 16. HP: 80/80 MP: 20/26
 28044 | Orc:2    | Found a roughly hewn altar of Beogh.
 28213 | Orc:2    | Found Matror's Magic Scroll Shoppe.
 28219 | Orc:2    | Bought a scroll of identify for 28 gold pieces
 28219 | Orc:2    | Bought a scroll of identify for 28 gold pieces
 28219 | Orc:2    | Bought a scroll of enchant weapon for 105 gold pieces
 28231 | Orc:2    | Found Getuy's Antique Weapon Emporium.
 28287 | Orc:2    | Found Noaluj's Antique Weapon Emporium.
 28635 | D:10     | Found an iron altar of Okawaru.
 28643 | D:10     | Found an iron altar of Okawaru.
 28763 | D:9      | Killed Agrajag's ghost
 28907 | D:12     | Killed Gucwul's ghost
 28909 | D:12     | Paralysed by a +2 morningstar of chaos for 1 turns
 28910 | D:12     | HP: 4/81 [+2 morningstar of chaos (4)]
 28913 | D:12     | Mangled by a +2 morningstar of chaos

Illustrated notes

Levels and vault maps discovered:
D:1:      tekkud_arrival_beachfront_property, layout_basic
D:2:      layout_basic
D:3:      layout_basic
D:4:      layout_rooms, temple_doors_e, serial_shops,
          nicolae_inconvenience_store
D:5:      layout_loops_ring, serial_shops, nicolae_shop_just_a_little_nook,
          nicolae_book_shop_shelving, dreamdust_wishing_well
D:6:      layout_basic, led_sif_pool, lightli_sewer_entry_pipes
D:7:      layout_basic, minmay_increasing_density
D:8:      layout_loops_ring, serial_shops, shop
D:9:      layout_loops_cross, due_lair_maze_entry_diamond,
          gammafunk_ghost_grave, serial_undead, serial_undead_a,
          serial_undead_a, serial_undead_f, serial_undead_f, serial_undead_f,
          serial_undead_d, minmay_fire_ice_demons
D:10:     okawaru_arena_lexackson, layout_irregular_city,
          nicolae_overflow_two_pavilions, orc_0_dummy
D:11:     layout_loops_ring, uniq_psyche
D:12:     layout_cave_pools, ebering_ghost_xom, uniq_jorgrun, uniq_josephine
D:13:     layout_irregular_city, nemelex_lonely_heart_becter
D:14:     layout_irregular_city, erik_vaults_2, nicolae_vehumet_altar_sigil,
          grunt_ministairs_7, lemuel_flamethrower_hall, uniq_agnes
D:15:     gammafunk_enter_depths_forms, layout_cross,
          nicolae_trove_entry_diagonal
Temple:   compressed_dpeg_triangle_lava_temple
Lair:1:   layout_misc_corridors, gammafunk_ghost_wrathful_warriors,
          nicolae_quartered_pool_medium, grunt_megastairs_1,
          infiniplex_staircase_pool_2
Lair:2:   layout_small_grid, nicolae_swamp_entry_splash_gauntlet,
          alex1729_snake_entry_snake, minivault_23, serial_bayou_shore_a
Lair:3:   nzn_winding_woodlands_huge [nzn_winding_woodlands_5x15_pockets,
          nzn_winding_woodlands_5x15_pool,
          nzn_winding_woodlands_5x15_sidewinder,
          nzn_winding_woodlands_5x15_concentric,
          nzn_winding_woodlands_5x15_sawtooth,
          nzn_winding_woodlands_5x15_pathside_ponds,
          nzn_winding_woodlands_5x15_twine, nzn_winding_woodlands_5x15_jagged,
          nzn_winding_woodlands_5x15_garden, nzn_winding_woodlands_5x15_default,
          nzn_winding_woodlands_center_diamonds,
          nzn_winding_woodlands_center_triple_pond,
          nzn_winding_woodlands_15x15_boxy_spiral], layout_regular_city,
          ice2_lemuel, uniq_fannar
Lair:4:   layout_misc_corridors, slime_entry_1, maelrawn_ghost_gauntlet_escape,
          chequers_serial_rivers_large_a
Lair:5:   grunt_lair_end_beastmaster, layout_loops_ring
Orc:1:    layout_diamond_mine, serial_shops, shop
Orc:2:    st_orc_town, layout_caves, gauntlet_entry_generic,
          kennysheep_orc_chapel, uniq_saint_roka

Skill      XL: |  1  2  3  4  5  6  7  8  9 10 11 12 13 14 15 |
---------------+----------------------------------------------+-----
Fighting       | 1 2 3 4 6 7 |  7.8
Dodging        | 3 4 5 6 7 8 10 11 13 14 15 17 | 17.3
Hexes          | 4 5 6 7 8 9 |  9.5
Ranged Weapons | 3 4 5 6 7 9 10 12 14 15 17 18 | 18.0
Stealth        | 2 4 6 8 10 12 | 12.0
Invocations    | 1 3 4 6 7 9 11 12 | 12.0
Spellcasting   | 3 |  3.0
Translocations | 5 9 |  9.0
Fire Magic     | |  0.7

Action                     |  1- 3 |  4- 6 |  7- 9 | 10-12 | 13-15 | 16-18 || total
---------------------------+-------+-------+-------+-------+-------+-------++-------
  Melee: Long sword        |       |       |       |     3 |       |       ||     3
   Fire: Sling             |    70 |   133 |    26 |       |       |       ||   229
         Orcbow            |       |       |   185 |   804 |   190 |       ||  1179
         Shortbow          |       |       |   112 |       |   582 |       ||   694
         Hand cannon       |       |       |       |       |   723 |    64 ||   787
  Throw: Dart              |       |       |       |     2 |       |       ||     2
   Cast: Jinxbite          |    21 |    47 |    81 |   153 |   328 |    14 ||   644
         Dimensional Bulls |       |       |       |       |     9 |     1 ||    10
 Invoke: Wall of Briars    |       |       |       |    10 |    16 |     2 ||    28
         Grow Ballistomyce |       |       |       |     2 |     6 |       ||     8
  Evoke: Wand              |       |       |       |     2 |     1 |     1 ||     4
         Phial of floods   |       |       |       |       |       |     1 ||     1
    Use: Scroll            |       |       |     6 |     4 |    18 |     3 ||    31
         Potion            |       |       |       |       |     7 |     2 ||     9
 Armour: Robe              |     4 |    13 |    33 |    67 |   122 |     9 ||   248
         Skin              |       |       |       |       |    12 |       ||    12
  Dodge: Dodged            |    12 |    41 |   138 |   380 |   734 |    25 ||  1330
  Block: Other             |       |       |       |       |     5 |       ||     5

Table legend: (Time is in decaauts)
 A = Elapsed time spent in this place.
 B = Non-inter-level travel time spent in this place.
 C = Inter-level travel time spent in this place.
 D = Time resting spent in this place.
 E = Time spent auto-exploring this place.
 F = Levels seen in this place.
 G = Mean time per level.
                   A        B        C        D        E       F      G
               +--------+--------+--------+--------+--------+-----+--------+
         Total |  21961 |  20742 |   1219 |   1402 |  13684 |  24 |  915.0 |
       Dungeon |  14761 |  13884 |    877 |    884 |   9350 |  15 |  984.1 |
        Temple |     15 |     11 |      4 |      0 |      3 |   1 |   15.0 |
          Lair |   5215 |   4954 |    261 |    420 |   3146 |   5 | 1043.0 |
  Orcish Mines |   1743 |   1669 |     74 |     98 |   1020 |   2 |  871.5 |
         Sewer |    226 |    226 |      0 |      0 |    164 |   1 |  226.0 |
               +--------+--------+--------+--------+--------+-----+--------+

Top non-repeatable levels by time:
    D:15: 1821 daAuts
     D:9: 1654 daAuts
  Lair:3: 1558 daAuts
    D:14: 1444 daAuts
   Orc:2: 1266 daAuts
  Lair:5: 1159 daAuts
  Lair:4: 1087 daAuts
    D:12: 1020 daAuts
     D:2: 998 daAuts
  Lair:2: 965 daAuts
     D:8: 937 daAuts
     D:5: 845 daAuts
     D:7: 831 daAuts
    D:13: 827 daAuts
     D:4: 811 daAuts
